 Dungeon Crawl Stone Soup version 0.31-a0-355-g57cb03d3e8 (webtiles) character file.

Game seed: 13828182416142813700

220 spiderkeys the Ruffian (level 5, -1/36 HPs)
             Began as an Octopode Shapeshifter on July 25, 2023.
             Slain by a jackal (3 damage)
             ... on level 3 of the Dungeon.
             The game lasted 00:03:21 (2371 turns).

spiderkeys the Ruffian (Octopode Shapeshifter)      Turns: 2371, Time: 00:03:22

Health: -1/36      AC:  1    Str: 16    XL:     5   Next: 97%
Magic:  5/5        EV: 13    Int: 17    God:
Gold:   72         SH:  0    Dex: 12    Spells: 2/4 levels left

rFire   . .          .
                       - Unarmed
rCold   . . .        (no shield)
rNeg    . . .        (helmet currently unavailable)
rPois   .            (no amulet)
rElec   .            I - +6 ring of intelligence
rCorr   .            Z - ring of wizardry
SInv    .            (no ring)
Will    .....        (no ring)
Stlth   ++           (no ring)
HPRegen 0.26/turn    (no ring)
MPRegen 0.09/turn    (no ring)
                     (no ring)

%: wizardry (x1)
@: beast-form
A: beast (slay +2), almost no armour, amphibious, 8 rings, camouflage 1,
gelatinous body 1, (nimble swimmer 1), tentacles
a: Begin Untransformation


You were on level 3 of the Dungeon.
You were a hulking beast.
You visited 1 branch of the dungeon, and saw 3 of its levels.

You collected 72 gold pieces.


Innate Abilities, Weirdness & Mutations

You are a hulking beast.
Your limbs bulge with bestial killing power. (Slay +2)
You cannot wear most types of armour.
You are amphibious.
You can wear up to eight rings at the same time.
Your skin changes colour to match your surroundings (Stealth+).
Your rubbery body absorbs attacks. (AC +1, EV +1)
((You are camouflaged when in or above water. (Stealth+)))
You have tentacles for arms and can constrict up to eight enemies at once.


   Skills:
 + Level 2.8 Fighting
 + Level 3.3 Dodging
 + Level 4.1 Unarmed Combat
 + Level 2.0 Transmutations
 - Level 3.2 Shapeshifting


You had 2 spell levels left.
You knew the following spells:

 Your Spells              Type           Power      Damage    Failure   Level
w - Wereblood             Tmut           7%         N/A       6%          2

Your spell library contained the following spells:

 Spells                   Type           Power      Damage    Failure   Level
 Sublimation of Blood     Necr           0%         N/A       14%         2
 Malign Gateway           Summ/Tloc      0%         N/A       100%        7
 Summon Hydra             Summ           0%         N/A       100%        7
 Summon Horrible Things   Summ           0%         N/A       100%        8

Inventory:

Missiles
 e - 32 stones
 u - 5 poisoned darts
Jewellery
 I - a +6 ring of intelligence (left tentacle)
   (You found it on level 1 of the Dungeon)
 Z - a ring of wizardry (right tentacle)
   (You found it on level 3 of the Dungeon)
Talismans
 b - a beast talisman
Wands
 q - a wand of acid (7)
   (You found it on level 2 of the Dungeon)
Scrolls
 c - a scroll of identify {@r1}
 h - a scroll of enchant armour
 i - a scroll of blinking {unknown}
 k - a scroll of noise {unknown}
 m - a scroll of enchant weapon
 n - a scroll of fear {unknown}
 o - a scroll of torment {unknown}
 r - a scroll of teleportation {unknown}
 s - a scroll of poison {!r}
Potions
 a - 2 potions of lignification {!q}
 d - 3 potions of enlightenment {unknown}
 f - a potion of mutation {unknown}
 g - 5 potions of curing {unknown}
 j - a potion of brilliance {unknown}
 l - a potion of cancellation {unknown}
 p - a potion of degeneration {unknown}
 t - 2 potions of attraction {unknown}

Dungeon Overview and Level Annotations

Branches:
Dungeon (3/15) Zot: 15637

Altars:

######################
#................P....
#....P................
#....~~~≈~≈~~~~†~~~≈~~
#....~≈≈≈≈≈≈≈≈≈≈≈≈~≈≈≈
#....~≈#####h†~~~~~≈~~
#....≈≈#.o.#.h........
#...P≈≈#...#'#########
#....~≈###+#..).#
#....~≈~.# #.)o)#
####.P..~≈~.#
#.)))......
...#....~≈~.#
##''#g.....
##.#....~~~.#
...#..K...
...#....~~≈.# ....#
.....
.###....≈≈~.#.#####
#####


You could see a jackal.


Message History

😎 HP[+3]
Your hp is fully restored (35).
An orc comes into view. It is wielding a +0 club.
You howl as the wereblood boils in your veins!
You see here a +0 dagger.
You bludgeon the orc!
You kill the orc!
Your primal bloodlust has ended.
Items here: ( ))) ††. 😎 MP[+1]
Your mp is fully restored (5).
You tentacle-slap the orc. You grab the orc.
You constrict the orc, but do no damage.
An orc comes into view. It is wielding a +0 flail.
The orc hits you with a +0 war axe. The orc barely misses you. 😕 HP[-3]
You take 3 damage, and now have 32/35 hp.
The orc shouts!
You tentacle-slap the orc. Your grab misses the orc. You constrict the orc.
The orc hits you with a +0 club. The orc completely misses you. 😕 HP[-2]
You take 2 damage, and now have 30/35 hp.
You tentacle-slap the orc.
You kill the orc!
You constrict the orc.
You kill the orc!
The orc hits you with a +0 war axe.
An orc comes into view. It is wielding a +0 flail. 😕 HP[-1]
You take 1 damage, and now have 29/35 hp.
You bludgeon the orc!
You kill the orc!
The orc hits you with a +0 club.
The orc hits you but does no damage. 😮 HP[-3]
You take 3 damage, and now have 26/35 hp.
You tentacle-slap the orc. You grab the orc.
You constrict the orc, but do no damage.
The orc hits you with a +0 club.
The orc hits you with a +0 dagger. 😮 HP[-3]
You take 3 damage, and now have 23/35 hp.
You barely miss the orc. Your grab misses the orc. Your squeeze misses the orc.
You constrict the orc. The orc hits you with a +0 club.
The orc barely misses you. 😮 HP[-2]
You take 2 damage, and now have 21/35 hp.
You bludgeon the orc!
You kill the orc!
The orc hits you with a +0 dagger.
* * * LOW HITPOINT WARNING * * *
A gnoll comes into view. It is wielding a +0 whip. 😨 HP[-5]
You take 5 damage, and now have 16/35 hp.
Unknown command.
The gnoll shouts!
You bludgeon the gnoll! Your grab misses the gnoll.
You hear a shout!
The gnoll hits you with a +0 flail!
* * * LOW HITPOINT WARNING * * *
The orc misses you.
The orc hits you but does no damage. 😱 HP[-13]
You take 13 damage, and now have 3/35 hp.
MASSIVE DAMAGE!! (PAUSE)
You closely miss the gnoll. You grab the gnoll. You constrict the gnoll.
The gnoll barely misses you. The orc closely misses you.
An orc comes into view. It is wielding a +0 mace.
The orc barely misses you. 😱 HP[+1]
You tentacle-slap the gnoll.
You kill the gnoll!
The orc misses you. The orc hits you with a +0 dagger.
* * * LOW HITPOINT WARNING * * *
The orc closely misses you.
Your Transmutations skill increases to level 2! 😱 HP[-1]
You take 1 damage, and now have 3/35 hp.
You tentacle-slap the orc. You grab the orc. You squeeze the orc.
You kill the orc!
The orc closely misses you. The orc completely misses you.
You tentacle-slap the orc. Your grab misses the orc.
A gnoll comes into view. It is wielding a +0 spear.
The gnoll shouts!
You tentacle-slap the orc. You grab the orc. You constrict the orc.
You kill the orc!
The orc hits you with a +0 flail.
* * * LOW HITPOINT WARNING * * *
😱 HP[-2]
You take 2 damage, and now have 1/35 hp.
You bludgeon the orc!
You kill the orc!
A kobold brigand comes into view.
It is wielding a +0 dagger of protection and quivering poisoned darts.
You tentacle-slap the gnoll. You grab the gnoll. You squeeze the gnoll!
You constrict the gnoll.
You kill the gnoll!
A jackal comes into view.
You now have 36 max hp (+1).
There is an open door here. 😱 HP[+1]
The jackal barks!
You hear a bark! x2
The jackal bites you.
You die...

Skill      XL: |  1  2  3  4  5 |
---------------+----------------+-----
Fighting       | 2 |  2.8
Transmutations | 1 2 |  2.0
Dodging        | 3 |  3.3
Unarmed Combat | 4 |  4.1
Shapeshifting  | |  3.2

Action                     |  1- 3 |  4- 6 || total
---------------------------+-------+-------++-------
  Melee: Unarmed           |    55 |    75 ||   130
         Constrict         |    17 |    22 ||    39
         Tentacles         |    12 |    15 ||    27
         Punch             |       |     2 ||     2
   Cast: Wereblood         |       |     1 ||     1
    Use: Scroll            |       |     3 ||     3
   Stab: Sleeping          |    10 |     4 ||    14
 Armour: Skin              |     3 |     4 ||     7
  Dodge: Dodged            |    31 |    37 ||    68

Levels and vault maps discovered:
D:1:      amcnicky_arrival_gap_in_the_tavern_cellar, layout_basic,
          minmay_pentomino_r4
D:2:      layout_basic, kennysheep_generic_room_10, uniq_terence, uniq_jessica
D:3:      lemuel_castle_with_subvaults [lemuel_castle_interior_carwin_3],
          layout_basic, mainiacjoe_overflow_paths

Notes
Turn   | Place    | Note
-------+----------+-------------------------------------------
     0 | D:1      | spiderkeys the Octopode Shapeshifter began the quest for
                  | the Orb.
     0 | D:1      | Reached XP level 1. HP: 13/13 MP: 1/1
     0 | D:1      | magus.rc [v1.11.3]
   365 | D:1      | Reached XP level 2. HP: 15/18 MP: 2/2
   685 | D:1      | Reached XP level 3. HP: 22/23 MP: 3/3
   718 | D:1      | You pick up a book of Blood and begin reading...
   718 | D:1      | You add the spells Sublimation of Blood, Wereblood and
                  | Summon Hydra to your library.
  1151 | D:1      | Learned a level 2 spell: Wereblood
  1334 | D:2      | Noticed Terence
  1343 | D:2      | Killed Terence
  1344 | D:2      | Reached skill level 2 in Fighting
  1344 | D:2      | Reached XP level 4. HP: 25/29 MP: 4/4
  1380 | D:2      | Noticed Jessica
  1384 | D:2      | Killed Jessica
  1385 | D:2      | Reached skill level 1 in Transmutations
  1576 | D:2      | Reached XP level 5. HP: 31/34 MP: 5/5
  1590 | D:2      | You add the spells Malign Gateway and Summon Horrible
                  | Things to your library.
  1778 | D:2      | Reached skill level 3 in Dodging
  2349 | D:3      | Reached skill level 4 in Unarmed Combat
  2361 | D:3      | HP: 3/35 [gnoll/+0 flail (13)]
  2364 | D:3      | Reached skill level 2 in Transmutations
  2366 | D:3      | HP: 1/35 [orc/+0 flail (3)]
  2367 | D:3      | Noticed a kobold brigand
  2371 | D:3      | Slain by a jackal

Vanquished Creatures
  Jessica (D:2)
  Terence (D:2)
  2 adders
  5 gnolls (D:3)
  A worm (D:2)
  2 dart slugs (D:1)
  13 orcs (D:3)
  4 endoplasms
  5 giant cockroaches
  3 goblins
  2 hobgoblins
  15 jackals
  3 quokkas
  8 ball pythons
  2 bats (D:2)
  3 frilled lizards
  5 kobolds
  7 rats
82 creatures vanquished.

Table legend:
 A = Non-vault XP
 B = Vault XP
 C = Vault XP percentage of total XP
 D = Non-vault monster count
 E = Vault monster count
 F = Vault count percentage of total count
                 A         B        C        D         E       F
            +---------+---------+-------+---------+---------+-------
      Total |     114 |     201 |  63.8 |      51 |      31 |  37.8
            +---------+---------+-------+---------+---------+-------
        D:1 |      41 |       9 |  18.0 |      24 |       4 |  14.3
        D:2 |      52 |      71 |  57.7 |      21 |       3 |  12.5
        D:3 |      21 |     121 |  85.2 |       6 |      24 |  80.0
            +---------+---------+-------+---------+---------+-------

Skill      XL: |  1  2  3  4  5 |
---------------+----------------+-----
Fighting       | 2 |  2.8
Transmutations | 1 2 |  2.0
Dodging        | 3 |  3.3
Unarmed Combat | 4 |  4.1
Shapeshifting  | |  3.2

Action                     |  1- 3 |  4- 6 || total
---------------------------+-------+-------++-------
  Melee: Unarmed           |    55 |    75 ||   130
         Constrict         |    17 |    22 ||    39
         Tentacles         |    12 |    15 ||    27
         Punch             |       |     2 ||     2
   Cast: Wereblood         |       |     1 ||     1
    Use: Scroll            |       |     3 ||     3
   Stab: Sleeping          |    10 |     4 ||    14
 Armour: Skin              |     3 |     4 ||     7
  Dodge: Dodged            |    31 |    37 ||    68

Illustrated notes

Table legend:
 A = Kills in this place as a percentage of kills in the entire game.
 B = Kills by you in this place as a percentage of kills by you in the entire game.
 C = Kills by friends in this place as a percentage of kills by friends in the entire game.
 D = Other kills in this place as a percentage of other kills in the entire game.
 E = Experience gained in this place as a percentage of experience gained in the entire game.
 F = Experience gained in this place divided by the number of levels of this place that you have seen.
                   A       B       C       D       E      F
               +-------+-------+-------+-------+-------+----------------------
         Total | 100.0 | 100.0 |   N/A |   N/A | 100.0 | 105.0
       Dungeon | 100.0 | 100.0 |   N/A |   N/A | 100.0 | 105.0
               +-------+-------+-------+-------+-------+----------------------

Table legend: (Time is in decaauts)
 A = Elapsed time spent in this place.
 B = Non-inter-level travel time spent in this place.
 C = Inter-level travel time spent in this place.
 D = Time resting spent in this place.
 E = Time spent auto-exploring this place.
 F = Levels seen in this place.
 G = Mean time per level.
                   A        B        C        D        E       F      G
               +--------+--------+--------+--------+--------+-----+--------+
         Total |   2361 |   2252 |    109 |    100 |   1778 |   3 |  787.0 |
       Dungeon |   2361 |   2252 |    109 |    100 |   1778 |   3 |  787.0 |
               +--------+--------+--------+--------+--------+-----+--------+

Top non-repeatable levels by time:
     D:1: 1185 daAuts
     D:2: 706 daAuts
     D:3: 469 daAuts
